 Dungeon Crawl Stone Soup version 0.24.0-125-gc4c63601f3 (webtiles) character file.

Game seed: 1276115817037435625, levelgen mode: deterministic

756 Curus the Slasher (level 7, -3/51 HPs)
             Began as a Minotaur Abyssal Knight on Mar 19, 2020.
             Was a Priest of Lugonu.
             Slain by an ogre
             ... wielding a +0 giant spiked club
              (14 damage)
             ... on level 5 of the Dungeon.
             The game lasted 00:12:54 (3848 turns).

Curus the Slasher (Minotaur Abyssal Knight)         Turns: 3848, Time: 00:12:54

Health: -3/51      AC:  8    Str: 13 (16) XL:     7   Next: 50%
Magic:  19/19      EV:  6    Int:  5 (7)  God:    Lugonu [***...]
Gold:   219        SH:  0    Dex: 10 (12) Spells: 6/6 levels left

rFire    . . .     SeeInvis .   a - +2 falchion
rCold    . . .     Gourm    .   (no shield)
rNeg     . . .     Faith    .   k - +0 chain mail
rPois    .         Spirit   .   (helmet restricted)
rElec    +         Reflect  .   (no cloak)
rCorr    .         Harm     .   (no gloves)
MR       .....                  (no boots)
Stlth    ..........             (no amulet)
HPRegen  0.17/turn              j - ring of magical power
MPRegen  0.16/turn              (no ring)

@: lethally poisoned (-3 -> -4)
A: retaliatory headbutt, horns 2, dopey 1, frail 1, electricity resistance,
subdued magic 1
a: Depart the Abyss, Bend Space, Banish, Renounce Religion


You were on level 5 of the Dungeon.
You worshipped Lugonu.
Lugonu was most pleased with you.
You were very hungry.

You visited 1 branch of the dungeon, and saw 5 of its levels.
You visited the Abyss 1 time.

You collected 219 gold pieces.

Inventory:

Hand Weapons
 a - a +2 falchion (weapon)
Armour
 b - a +0 leather armour
 g - a +0 ring mail
 k - a +0 chain mail (worn)
Jewellery
 j - a ring of magical power (left hand)
Scrolls
 d - 3 scrolls of remove curse
 l - 4 scrolls of identify
Potions
 e - a potion of heal wounds
 f - 3 potions of brilliance
 h - a potion of curing
 i - 2 potions of magic
 m - 2 potions of degeneration
Comestibles
 c - 7 rations


   Skills:
 - Level 3.6 Fighting
 + Level 7.4 Long Blades
 - Level 2.4 Armour
 - Level 1.1 Dodging
 + Level 6.1 Invocations


You had 6 spell levels left.
You didn't know any spells.
Your spell library was empty.

Dungeon Overview and Level Annotations

Branches:
Dungeon (5/15)
 Temple: D:4-7

Altars:
Gozag


Innate Abilities, Weirdness & Mutations

You reflexively headbutt those who attack you in melee.
You have a pair of horns on your head.
You are dopey. (Int -2)
You are frail. (-10% HP)
You are resistant to electric shocks. (rElec)
Your spells are a little easier to cast, but a little less powerful.


Message History

The centaur hits you but does no damage.
You slash the centaur! You headbutt the centaur.
You kill the centaur!
Lugonu accepts your kill.
You feel your dexterity returning.
Your Invocations skill increases to level 6!
You see here 3 arrows.
You feel sick.
You see here an arrow.
You slash the ogre!
The ogre is moderately wounded.
The ogre hits you with a +0 giant spiked club!
* * * LOW HITPOINT WARNING * * *
You hit the ogre but do no damage.
The ogre is moderately wounded.
You hit the ogre.
The ogre is moderately wounded.
You feel sick.
The ogre hits you with a +0 giant spiked club!
You die...

##.... #....#
....## #.#..
######...####.#
......)........
########(.#
#<......#(##
#.###.#.#.@#
### #.#.#.O#
#.###... ...
###.# ... .#
..... .. .._..
..# ....... ...


You could see an ogre.

Vanquished Creatures
  Grinder (D:3)
  2 centaurs
  A scorpion (D:5)
  An iguana (D:4)
  Natasha (thrice) (D:3)
  An orc wizard (D:4)
  A worker ant (D:4)
  3 gnolls (D:2)
  6 adders
  A shadow imp (D:5)
  An ooze (D:1)
  4 worms
  4 dart slugs
  2 leopard geckos
  11 orcs
  6 bats
  4 giant cockroaches
  6 goblins
  12 hobgoblins
  10 jackals
  7 kobolds
  2 quokkas (D:4)
  2 ball pythons
  2 frilled lizards (D:2)
  7 rats
100 creatures vanquished.

Notes
Turn   | Place    | Note
-------+----------+-------------------------------------------
     0 | Abyss:1  | Curus the Minotaur Abyssal Knight began the quest for the
                  | Orb.
     0 | Abyss:1  | Reached XP level 1. HP: 19/19 MP: 1/1
     6 | D:1      | Escaped the Abyss
    41 | D:1      | Reached skill level 3 in Long Blades
    41 | D:1      | Reached XP level 2. HP: 18/26 MP: 2/2
   450 | D:1      | Reached XP level 3. HP: 19/31 MP: 2/4
  1069 | D:2      | Reached ** piety under Lugonu
  1230 | D:2      | Reached skill level 4 in Long Blades
  1242 | D:2      | Reached XP level 4. HP: 7/39 MP: 5/5
  1903 | D:3      | Noticed Natasha
  1922 | D:3      | Killed Natasha
  1922 | D:3      | Reached XP level 5. HP: 23/45 MP: 6/6
  1936 | D:3      | Reached skill level 5 in Long Blades
  1953 | D:3      | Reached *** piety under Lugonu
  2272 | D:3      | Noticed Natasha
  2376 | D:3      | Killed Natasha
  2636 | D:3      | Noticed Grinder
  2637 | D:3      | Paralysed by Grinder for 6 turns
  2651 | D:3      | Killed Grinder
  2651 | D:3      | Reached skill level 6 in Long Blades
  2651 | D:3      | Reached skill level 5 in Invocations
  2651 | D:3      | Reached XP level 6. HP: 22/51 MP: 8/8
  2727 | D:3      | Gained mutation: Your spells are a little easier to cast,
                  | but a little less powerful. [potion of mutation]
  2727 | D:3      | Gained mutation: You are dopey. (Int -2) [potion of
                  | mutation]
  2727 | D:3      | Gained mutation: You are frail. (-10% HP) [potion of
                  | mutation]
  2727 | D:3      | Gained mutation: You are resistant to electric shocks.
                  | (rElec) [potion of mutation]
  2879 | D:3      | Noticed Natasha
  2887 | D:3      | Killed Natasha
  3141 | D:4      | Reached XP level 7. HP: 40/51 MP: 10/10
  3606 | D:4      | Reached skill level 7 in Long Blades
  3812 | D:5      | Entered Level 5 of the Dungeon
  3815 | D:5      | Found an opulent altar of Gozag.
  3839 | D:5      | HP: 2/51 [centaur (3)]
  3848 | D:5      | Slain by an ogre

Levels and vault maps discovered:
D:1:      matt_arrival_los_fun, layout_basic
D:2:      layout_loops_ring
D:3:      layout_rooms, first_ration, uniq_grinder, uniq_natasha
D:4:      layout_basic, fountainhead, hangedman_decor_points
D:5:      layout_basic, marbit_many_paths, minmay_temple_entry_steel_oval,
          serial_shops, shop, grunt_gozag_statues, uniq_sigmund

Skill      XL: |  1  2  3  4  5  6  7 |
---------------+----------------------+-----
Invocations    | 2 3 5 6 |  6.1
Long Blades    | 3 4 6 7 |  7.4
Fighting       | |  3.6
Armour         | |  2.4
Dodging        | |  1.1

Action                   |  1- 3 |  4- 6 |  7- 9 || total
-------------------------+-------+-------+-------++-------
Melee: Falchion          |    93 |   159 |    37 ||   289
       Headbutt          |    15 |    33 |     7 ||    55
  Use: Scroll            |     4 |     2 |     2 ||     8
       Potion            |     4 |     4 |     2 ||    10
  Eat: Chunk             |     1 |     4 |       ||     5
       Ration            |       |     1 |       ||     1
Armor: Leather armour    |    14 |       |       ||    14
       Ring mail         |    13 |    21 |       ||    34
       Chain mail        |       |    32 |    14 ||    46
Dodge: Dodged            |    53 |    58 |    11 ||   122
       Rpst.: Falchion   |    16 |    15 |     6 ||    37
